 Dungeon Crawl Stone Soup version 0.30.0-15-g856e2d3f33 (webtiles) character file.

Game seed: 2996454183967483504

63 qw the Chopper (level 4, 0/28 HPs)
             Began as a Gargoyle Cinder Acolyte on May 18, 2023.
             Was a High Priest of Ignis.
             Slain by a gnoll
             ... wielding a +0 whip
              (3 damage)
             ... on level 2 of the Dungeon.
             The game lasted 00:00:28 (959 turns).

qw the Chopper (Gargoyle Cinder Acolyte)             Turns: 959, Time: 00:00:28

Health: 0/28       AC: 13    Str: 19    XL:     4   Next: 9%
Magic:  5/5        EV: 11    Int: 15    God:    Ignis [*****.]
Gold:   48         SH:  0    Dex:  5    Spells: 5/5 levels left

rFire   + . .        Y - -1 hand axe (flame)
rCold   . . .        (no shield)
rNeg    + . .        h - +0 leather armour
rPois   inf          (no helmet)
rElec   +            (no cloak)
rCorr   .            (no gloves)
SInv    .            (no boots)
Will    .....        (no amulet)
Stlth   +            (no ring)
HPRegen 0.24/turn    (no ring)
MPRegen 0.09/turn

%: no passive effects
@: fiery-armoured
A: sickness immunity, AC +3, negative energy resistance 1, electricity
resistance, torment resistance 1, petrification resistance
a: Renounce Religion, Fiery Armour, Foxfire Swarm, Rising Flame


You were on level 2 of the Dungeon.
You worshipped Ignis.
Ignis was extremely pleased with you.
You visited 1 branch of the dungeon, and saw 2 of its levels.

You collected 48 gold pieces.


Innate Abilities, Weirdness & Mutations

You are immune to sickness and miasma.
Your stone body is resilient. (AC +3)
You are immune to poison.
You resist negative energy. (rN+)
You are resistant to electric shocks. (rElec)
You are resistant to unholy torment.
You are immune to petrification.


   Skills:
 - Level 3.2 Fighting
 + Level 4.4 Axes
 - Level 1.0 Spellcasting
 - Level 3.0 Fire Magic


You had 5 spell levels left.
You didn't know any spells.
Your spell library contained the following spells:

 Spells                   Type           Power      Damage    Failure   Level
 Scorch                   Fire           18%        2d6       13%         2

Inventory:

Hand Weapons
 Y - a -1 hand axe of flaming (weapon)
Armour
 h - a +0 leather armour (worn)
Scrolls
 a - a scroll of acquirement {unknown}
 g - a scroll of identify
Potions
 c - a potion of curing

Dungeon Overview and Level Annotations

Branches:
Dungeon (2/15)

Altars:


Message History

The endoplasm quivers.
The gnoll misses you.
You hit the gnoll. You burn the gnoll.
The gnoll is heavily wounded.
The gnoll hits you from afar with a +0 spear.
You hit the gnoll but do no damage.
The gnoll is heavily wounded.
The gnoll barely misses you.
The gnoll hits you from afar with a +0 spear.
You barely miss the gnoll.
The gnoll is heavily wounded.
The gnoll hits you with a +0 club.
The gnoll is burned by your cloak of flames.
The gnoll is almost dead.
The gnoll hits you from afar with a +0 spear.
You closely miss the gnoll.
The gnoll is almost dead.
The gnoll hits you but does no damage.
The gnoll is burned by your cloak of flames.
The gnoll is almost dead.
The gnoll hits you from afar with a +0 spear.
You closely miss the gnoll.
The gnoll is almost dead.
The gnoll hits you but does no damage.
The gnoll is burned by your cloak of flames.
You kill the gnoll!
The gnoll hits you but does no damage.
You hit the endoplasm. You burn the endoplasm.
You kill the endoplasm!
The gnoll hits you but does no damage.
You hit the gnoll. You burn the gnoll.
The gnoll is heavily wounded.
The gnoll hits you but does no damage.
The gnoll is burned by your cloak of flames.
You kill the gnoll!
You have reached level 4!
You feel clever.
You hit the gnoll. You burn the gnoll.
The gnoll is heavily wounded.
The gnoll hits you with a +0 whip.
You die...

##....###
#........#
##.....###........#
##...:...........#
###.....%.......#
###.....).....#
####........#
#).........#
#..........##
#..>)@).......
#..###g####.....
........# .....
###.<.... ...
####.... .. ####..
. ..g .##g # ..


You could see a gnoll.

Vanquished Creatures
  2 gnolls (D:2)
  2 adders (D:2)
  2 worms (D:2)
  A dart slug (D:1)
  A ball python (D:1)
  4 endoplasms (D:2)
  2 giant cockroaches (D:2)
  2 hobgoblins (D:1)
  A kobold (D:1)
  A quokka (D:2)
18 creatures vanquished.

Notes
Turn   | Place    | Note
-------+----------+-------------------------------------------
     0 | D:1      | qw the Gargoyle Cinder Acolyte began the quest for the Orb.
     0 | D:1      | Reached XP level 1. HP: 14/14 MP: 2/2
     0 | D:1      | 0 ||| qw: Version: 0.2-a-95-gc95f03d
     0 | D:1      | 0 ||| qw: Game counter: 12
     0 | D:1      | 0 ||| qw: Always use a shield: true
     0 | D:1      | 0 ||| qw: God list: Okawaru
     0 | D:1      | 0 ||| qw: Allow faded altars: false
     0 | D:1      | 0 ||| qw: Do Orc after D:15 true
     0 | D:1      | 0 ||| qw: Do second Lair branch before Depths: true
     0 | D:1      | 0 ||| qw: Lair rune preference: random
     0 | D:1      | 0 ||| qw: Plans: Normal
     0 | D:1      | 0 ||| PLANNING D:1-11
   148 | D:1      | Reached skill level 3 in Axes
   281 | D:1      | Reached XP level 2. HP: 19/19 MP: 3/3
   627 | D:1      | 627 ||| UPGRADING to +0 leather armour.
   637 | D:1      | 637 ||| DROPPING +0 robe.
   638 | D:1      | 638 ||| DROPPING amulet of magic regeneration.
   639 | D:1      | 639 ||| READING scroll labelled MEVVINTOHY.
   640 | D:1      | 640 ||| READING scroll labelled NOUMUM MUDDI.
   643 | D:1      | 643 ||| READING 2 scrolls labelled BAIVUU ICVIL.
   644 | D:1      | 644 ||| DRINKING 2 clear potions.
   724 | D:2      | 724 ||| INVOKING Fiery Armour.
   785 | D:2      | Reached XP level 3. HP: 11/23 MP: 4/4
   909 | D:2      | Reached skill level 4 in Axes
   942 | D:2      | 942 ||| Stepping ~*~*~tactically~*~*~ (stealth).
   945 | D:2      | 945 ||| Stepping ~*~*~tactically~*~*~ (hiding).
   947 | D:2      | 947 ||| Stepping ~*~*~tactically~*~*~ (hiding).
   948 | D:2      | 948 ||| Stepping ~*~*~tactically~*~*~ (hiding).
   949 | D:2      | 949 ||| Stepping ~*~*~tactically~*~*~ (hiding).
   950 | D:2      | 950 ||| INVOKING Fiery Armour.
   953 | D:2      | HP: 3/23 [gnoll/+0 spear (6)]
   954 | D:2      | HP: 1/23 [gnoll/+0 spear (2)]
   959 | D:2      | Reached XP level 4. HP: 3/28 MP: 5/5
   959 | D:2      | Slain by a gnoll

Levels and vault maps discovered:
D:1:      dpeg_arrival_round_b, layout_loops_cross, hangedman_decor_push
D:2:      layout_rooms, serial_curves, eino_curves_01, eino_curves_01

Skill      XL: |  1  2  3 |
---------------+----------+-----
Axes           | 3 4 |  4.4
Fighting       | |  3.2
Spellcasting   | |  1.0
Fire Magic     | |  3.0

Action                     |  1- 3 |  4- 6 || total
---------------------------+-------+-------++-------
  Melee: Hand axe          |    75 |     1 ||    76
         Punch             |     1 |       ||     1
 Invoke: Fiery Armour      |     2 |       ||     2
    Use: Scroll            |     3 |       ||     3
         Potion            |     1 |       ||     1
 Armour: Robe              |    10 |       ||    10
         Leather armour    |    24 |       ||    24
  Dodge: Dodged            |    32 |       ||    32

Table legend:
 A = Non-vault XP
 B = Vault XP
 C = Vault XP percentage of total XP
 D = Non-vault monster count
 E = Vault monster count
 F = Vault count percentage of total count
                 A         B        C        D         E       F
            +---------+---------+-------+---------+---------+-------
      Total |      90 |       0 |   0.0 |      18 |       0 |   0.0
            +---------+---------+-------+---------+---------+-------
        D:1 |      12 |       0 |   0.0 |       5 |       0 |   0.0
        D:2 |      78 |       0 |   0.0 |      13 |       0 |   0.0
            +---------+---------+-------+---------+---------+-------
